 Dungeon Crawl Stone Soup version 0.28.0-49-g6dfe1f597d (webtiles) character file.

Game seed: 6212981086787529247

17 Atelerd the Digger (level 2, -1/17 HPs)
             Began as an Octopode Earth Elementalist on May 15, 2022.
             Slain by a crimson imp (2 damage)
             ... summoned by Natasha
             ... on level 2 of the Dungeon.
             The game lasted 00:00:35 (872 turns).

Atelerd the Digger (Octopode Earth Elementalist)     Turns: 872, Time: 00:00:35

Health: -1/17      AC:  1    Str:  7    XL:     2   Next: 62%
Magic:  3/5        EV: 13    Int: 17    God:
Gold:   40         SH:  0    Dex: 12    Spells: 4/5 levels left

rFire   . . .      SeeInvis .   i - +2 spear (flame)
rCold   . . .      Faith    .   (no shield)
rNeg    . . .      Spirit   .   (helmet restricted)
rPois   .          Reflect  .   (no amulet)
rElec   +          Harm     .   (no ring)
rCorr   .          Rampage  .   (no ring)
Will    .....                   (no ring)
Stlth   +++.......              (no ring)
HPRegen 0.05/turn               (no ring)
MPRegen 0.09/turn               (no ring)
                                (no ring)
                                (no ring)

@: no status effects
A: almost no armour, amphibious, 8 rings, camouflage 1, gelatinous body 1,
(nimble swimmer 1), tentacles, electricity resistance
a: no special abilities


You were on level 2 of the Dungeon.
You visited 1 branch of the dungeon, and saw 2 of its levels.

You collected 40 gold pieces.

Inventory:

Hand Weapons
 i - a +2 spear of flaming (weapon)
Missiles
 b - 92 stones
Scrolls
 c - a scroll of magic mapping {unknown}
 f - a scroll of brand weapon {unknown}
 j - a scroll of fog {unknown}
Potions
 a - a potion of mutation
 d - a potion of flight {unknown}
 e - a potion of degeneration {unknown}
 g - a potion of cancellation {unknown}
 h - a potion of brilliance {unknown}


   Skills:
 - Level 2.0 Dodging
 - Level 2.6 Stealth
 + Level 2.3 Spellcasting
 + Level 1.1 Transmutations
 + Level 3.5 Earth Magic


You had 4 spell levels left.
You knew the following spells:

 Your Spells              Type           Power      Damage    Failure   Level
a - Sandblast             Erth           28%        2d8       4%          1

Your spell library contained the following spells:

 Spells                   Type           Power      Damage    Failure   Level
 Passwall                 Tmut/Erth      7%         N/A       11%         2
 Stone Arrow              Conj/Erth      16%        3d8       26%         3
 Petrify                  Tmut/Erth      9%         N/A       56%         4


Dungeon Overview and Level Annotations

Branches:
Dungeon (2/15)

Altars:

Annotations:
D:2 Natasha


Innate Abilities, Weirdness & Mutations

You cannot wear most types of armour.
You are amphibious.
You can wear up to eight rings at the same time.
Your skin changes colour to match your surroundings (Stealth+).
Your rubbery body absorbs attacks. (AC +1, EV +1)
((You are camouflaged when in or above water. (Stealth+)))
You have tentacles for arms and can constrict up to eight enemies at once.
You are resistant to electric shocks. (rElec)


Message History

You can't see any susceptible monsters within range! (Use Z to cast anyway.) No target in view!
Magic restored.
You open the door.
Natasha, Servant of Life and Death comes into view.
Natasha hisses angrily.
Natasha casts a spell at you. You resist with significant effort.
Found a scroll labelled IKLU PUCEORAUT.
Natasha is nearby!
Found a robe.
Natasha stares at you and mumbles some strange words.
The magic dart hits you!
There is an open door here.
Natasha is nearby!
Natasha casts a spell.
There are monsters nearby!
You reach to attack!
You hit the crimson imp.
The crimson imp is moderately wounded.
There are monsters nearby!
The blast of sand hits the crimson imp.
The crimson imp is severely wounded.
Natasha completely misses you. The crimson imp misses you.
Unknown command.
Casting: Sandblast (safe; 4% risk of failure)
Confirm with . or Enter, or press ? or * to list all spells.
Aiming: Sandblast (safe; 4% risk of failure)
Press: ? - help, Shift-Dir - straight line, f/p - crimson imp
Aim: a crimson imp (heavily wounded, summoned, 69% to hit)
The blast of sand hits the crimson imp.
The crimson imp is severely wounded.
Natasha claws you.
* * * LOW HITPOINT WARNING * * *
The crimson imp hits you.
* * * LOW HITPOINT WARNING * * *
Unknown command.
It was a potion of mutation.
You feel extremely strange.
You feel insulated. Natasha claws you but does no damage.
The crimson imp hits you.
You die...

##..##..##..## #
#####....##..## #
#...##..##..## #
#...###....## # #...#
##..## #
#...###..##########
#...##..##.......##
######...#..#.#.#####.##
....?.h@.'....#.# #.##
.......5.####.#.# #.##
#####...[# #.#.# #.##
#....# #.#.## #.##
#.#### #.#..# #.##
##.#######.##.# #...
...........##.# ####
##.......####.#
#######.# #.#


You could see Natasha and a crimson imp (summoned).

Vanquished Creatures
  A worm (D:2)
  A giant cockroach (D:2)
  2 goblins
  A hobgoblin (D:2)
  2 ball pythons
  2 frilled lizards
  3 kobolds (D:1)
  2 rats
14 creatures vanquished.

Notes
Turn   | Place    | Note
-------+----------+-------------------------------------------
     0 | D:1      | Atelerd the Octopode Earth Elementalist began the quest for
                  | the Orb.
     0 | D:1      | Reached XP level 1. HP: 11/11 MP: 3/3
   480 | D:1      | Reached XP level 2. HP: 16/17 MP: 3/5
   865 | D:2      | Noticed Natasha
   869 | D:2      | Noticed a crimson imp
   872 | D:2      | Gained mutation: You are resistant to electric shocks.
                  | (rElec) [potion of mutation]
   872 | D:2      | Slain by a crimson imp

Illustrated notes

Levels and vault maps discovered:
D:1:      lightli_iron_boxes, layout_basic, minmay_curled_crystal
D:2:      minmay_alternating_diamond, layout_basic, serial_shops,
          nicolae_shop_statue_plus, uniq_terence, uniq_natasha, uniq_robin

Action                   || total
-------------------------++-------
Melee: Unarmed           ||     7
       Constrict         ||     4
       Tentacles         ||     4
       Spear             ||    12
 Cast: Sandblast         ||     7
  Use: Potion            ||     1
 Stab: Sleeping          ||     5
Armor: Skin              ||     1
Dodge: Dodged            ||     4
